 Dungeon Crawl Stone Soup version 0.20.1-1-g8b1a95d (webtiles) character file.

1645 Nidhoragg the Thaumaturge (level 8, -2/41 HPs)
             Began as a Deep Elf Summoner on Oct 14, 2017.
             Was a Follower of Ashenzari.
             Shot with an arrow by a centaur (21 damage)
             ... on level 8 of the Dungeon on Oct 15, 2017.
             The game lasted 00:56:33 (8575 turns).

Nidhoragg the Thaumaturge (Deep Elf Summoner)       Turns: 8575, Time: 00:56:34

Health: -2/41      AC:  5    Str: 11    XL:     8   Next: 67%
Magic:  19/23      EV: 13    Int: 21    God:    Ashenzari [*.....]
Gold:   151        SH:  0    Dex: 15    Spells: 4/26 levels left

rFire    . . .     SeeInvis .   B - staff of wizardry
rCold    . . .     Gourm    .   (no shield)
rNeg     . . .     Faith    .   a - +2 robe (curse)
rPois    .         Spirit   .   y - +0 helmet
rElec    .         Reflect  .   (no cloak)
rCorr    .         Harm     .   (no gloves)
MR       .....                  (no boots)
Stlth    ++........             p - amulet of magic regeneration
Regen    0.2/turn               D - +4 ring of strength
MPRegen  0.3/turn               (no ring)

@: no status effects
A: no striking features
a: Curse Item, Scrying, Renounce Religion


You were on level 8 of the Dungeon.
You worshipped Ashenzari.
Ashenzari was aware of your devotion.
You were hungry.

You visited 2 branches of the dungeon, and saw 9 of its levels.

You collected 359 gold pieces.
You spent 208 gold pieces at shops.

Inventory:

Hand Weapons
 d - a +4 hunting sling
Missiles
 f - 256 stones (quivered)
 t - 30 sling bullets
Armour
 a - a cursed +2 robe (worn)
 y - a +0 helmet (worn)
Magical Staves
 B - an uncursed staff of wizardry (weapon)
Jewellery
 p - an amulet of magic regeneration (around neck)
 u - an uncursed amulet of regeneration
 D - a +4 ring of strength (left hand)
 K - an uncursed amulet of guardian spirit
Wands
 l - a wand of random effects (18/48)
 w - a wand of flame (28/48)
Scrolls
 g - 3 scrolls of fog
 i - 4 scrolls of identify
 o - a scroll of fear
 z - 2 scrolls of recharging
 A - a scroll of blinking
 G - 2 scrolls of torment
Potions
 e - 2 potions of lignification
 k - a potion of cancellation {unknown}
 m - a potion of invisibility {unknown}
 q - a potion of flight {unknown}
 r - a potion of agility {unknown}
 s - 2 potions of resistance
 x - a potion of brilliance {unknown}
 C - a potion of curing {unknown}
 F - a potion of haste {unknown}
 I - a potion of magic {unknown}
Books
 b - a book of Callings

   Spells                             Type                      Level
   a - Summon Small Mammal            Summoning                    1
   b - Call Imp                       Summoning                    2
   c - Call Canine Familiar           Summoning                    3
   d - Summon Guardian Golem          Hexes/Summoning              3
   e - Summon Lightning Spire         Summoning/Air                4
   f - Summon Ice Beast               Ice/Summoning                4
 J - a book of Enchantments

   Spells                             Type                      Level
   a - Cause Fear                     Hexes                        4
   b - Yara's Violent Unravelling     Hexes/Transmutation          5
   c - Silence                        Hexes/Air                    5
   d - Deflect Missiles               Charms/Air                   6
   e - Discord                        Hexes                        8
Comestibles
 c - 7 bread rations
 h - 3 meat rations
 j - 5 royal jellies
 n - 8 fruits
 v - 2 chunks of flesh


   Skills:
 - Level 2.8 Slings
 + Level 3.2 Dodging
 + Level 3.4 Stealth
 + Level 9.7 Spellcasting
 + Level 8.4 Summonings
 + Level 2.6 Ice Magic
 + Level 0.4 Air Magic


You had 4 spell levels left.
You knew the following spells:

 Your Spells              Type           Power        Failure   Level  Hunger
a - Summon Small Mammal   Summ           ####         1%          1    None
b - Call Imp              Summ           #####...     1%          2    None
c - Summon Ice Beast      Ice/Summ       ####....     2%          4    ##.....
d - Call Canine Familiar  Summ           #####...     1%          3    None
e - Summon Lightning Spi  Summ/Air       ####....     4%          4    ##.....
f - Discord               Hex            ##........   100%        8    #######


Dungeon Overview and Level Annotations

Branches:
Dungeon (8/15)             Temple (1/1) D:5
   Lair: D:8-11

Altars:
Ashenzari
Cheibriados
Elyvilon
Fedhas
Gozag
Hepliaklqana
Kikubaaqudgha
Makhleb
Nemelex Xobeh
Okawaru
Qazlal
Ru
Trog
Uskayaw
Vehumet
Xom
Yredelemnul
Zin
The Shining One

Shops:
D:5 (   D:6 ?


Message History

You swap places.
An arrow appears from out of your range of vision.
The arrow hits your crimson imp!
Your crimson imp dies!
Found 30 stones.
A centaur comes into view. It is wielding a longbow.
What are your orders? t - Shout!
Orders for allies: a - Attack new target. r - Retreat! s - Stop attacking. g - Guard the area. f - Follow me.
Anything else - Cancel.
Gang up on whom?
Press: ? - help, Dir - move target cursor, f - centaur
Aim: a centaur, wielding a longbow (unusually strong) Attack!
The centaur shoots an arrow.
The arrow hits you!
The centaur shoots an arrow.
The arrow hits you!
The centaur shoots an arrow.
The arrow hits you!!
Ouch! That really hurt!
You die...

*,.,,* **,,,..,,,,,,** *,,
*,..,###.#,#.#.#.*,*,* *,*
*,...*....,......,,,,*****,*
*,....,.#(#.#.#.#.#,*,**,,,,
*,.....#............,,,,,,,,
*,,,,#..?#.#.#.#.#.#...,,,,,
*,,,,***#)(YY.c(.......,,,,,
*,,,,* #.#.#(#.#.#....,,,,,
*,,,,*###..@...........,,,,,
******#....#.#.#.#.....,,,,,
#..##.............,,,,,
**#.#*#.............,,,,,
**...* ###.#.........*,,,,
#..#** #.#.#####...*****
#.#* #...# *,,,,,,,, ##.##
#..## **,,,,**,
****#...#######..#
***,**,*,,


You could see a centaur and 2 friendly ice beasts.

Vanquished Creatures
  A hound (D:4)
  An orc wizard (D:3)
  A hound skeleton (D:4)
  3 adders
  A shadow imp (D:5)
  3 leopard geckos
  5 orcs
  A giant cockroach (D:3)
  4 goblins
  5 kobolds
  4 bats (D:3)
  3 frilled lizards
  A quokka skeleton (D:4)
  2 rats (D:3)
35 creatures vanquished.

Vanquished Creatures (collateral kills)
  Prince Ribbit (D:5)
  Sigmund (D:3)
  A spriggan (D:7)
  2 sky beasts
  An ice beast (D:6)
  2 orc warriors
  2 phantoms
  2 centaurs
  A big kobold (D:7)
  2 bullfrogs (D:7)
  Blork the orc (D:4)
  3 scorpions (D:4)
  A wyvern skeleton (D:6)
  4 crimson imps
  5 hounds
  3 jellies
  A centaur skeleton (D:7)
  A bullfrog skeleton (D:6)
  4 orc priests
  7 orc wizards
  4 iguanas
  A worker ant (D:5)
  2 hound skeletons (D:4)
  6 adders
  A howler monkey skeleton (D:7)
  A shadow imp (D:6)
  An ooze (D:2)
  An adder zombie (D:6)
  2 adder skeletons
  4 worms
  A leopard gecko (D:6)
  33 orcs
  2 bats (D:1)
  2 giant cockroaches
  A goblin (D:1)
  3 hobgoblins
  2 quokkas (D:6)
  A frilled lizard (D:4)
  A giant cockroach zombie (D:5)
  A jackal skeleton (D:6)
  9 kobolds
  A quokka skeleton (D:4)
  5 rats
130 creatures vanquished.

Grand Total: 165 creatures vanquished

Notes
Turn   | Place    | Note
-------+----------+-------------------------------------------
     0 | D:1      | Nidhoragg the Deep Elf Summoner began the quest for the Orb.
     0 | D:1      | Reached XP level 1. HP: 10/10 MP: 6/6
   679 | D:1      | Reached XP level 2. HP: 15/15 MP: 5/8
   861 | D:2      | Learned a level 2 spell: Call Imp
  1092 | D:2      | Reached XP level 3. HP: 19/19 MP: 10/10
  1136 | D:2      | Reached skill level 1 in Slings
  1139 | D:2      | Reached skill level 5 in Summonings
  1688 | D:3      | Reached XP level 4. HP: 24/24 MP: 8/11
  1696 | D:3      | Learned a level 4 spell: Summon Ice Beast
  1700 | D:3      | Learned a level 3 spell: Call Canine Familiar
  2003 | D:3      | Noticed Sigmund
  2098 | D:3      | Killed Sigmund
  2098 | D:3      | Reached skill level 4 in Spellcasting
  2098 | D:3      | Reached XP level 5. HP: 28/28 MP: 8/14
  2260 | D:3      | HP: 1/28 [something (11)]
  2682 | D:3      | Found a hide-covered altar of Uskayaw.
  3198 | D:3      | Reached skill level 5 in Spellcasting
  3247 | D:3      | Reached skill level 1 in Ice Magic
  3267 | D:3      | HP: 1/28 [orc wizard/magic dart (9)]
  3273 | D:3      | Reached XP level 6. HP: 1/32 MP: 11/16
  4175 | D:4      | Noticed Blork the orc
  4342 | D:4      | Killed Blork the orc
  4720 | D:4      | Reached skill level 6 in Spellcasting
  4904 | D:4      | Reached XP level 7. HP: 36/36 MP: 18/18
  5262 | D:5      | Entered Level 5 of the Dungeon
  5262 | D:5      | Noticed Prince Ribbit
  5275 | D:5      | Killed Prince Ribbit
  5275 | D:5      | Reached skill level 7 in Spellcasting
  5573 | D:5      | Learned a level 4 spell: Summon Lightning Spire
  5673 | D:5      | Found a stormy altar of Qazlal.
  5743 | D:5      | Found a glowing silver altar of Zin.
  5889 | D:5      | Found Serimur's Weapon Shop.
  5962 | D:5      | Found a glowing silver altar of Zin.
  6054 | D:5      | Found a staircase to the Ecumenical Temple.
  6063 | Temple   | Entered the Ecumenical Temple
  6127 | Temple   | Became a worshipper of Ashenzari the Shackled
  6522 | D:6      | Found Ciokk's Magic Scroll Emporium.
  6547 | D:6      | Reached XP level 8. HP: 36/41 MP: 13/21
  6548 | D:6      | Reached skill level 8 in Spellcasting
  7211 | D:6      | Bought a scroll of identify for 22 gold pieces
  7211 | D:6      | Bought a scroll of torment for 82 gold pieces
  7211 | D:6      | Bought a scroll of recharging for 104 gold pieces
  7640 | D:7      | Reached skill level 9 in Spellcasting
  7738 | D:7      | Learned a level 8 spell: Discord
  7780 | D:7      | Found a bloodstained altar of Trog.
  8101 | D:7      | Reached * piety under Ashenzari
  8278 | D:7      | Found a snail-covered altar of Cheibriados.
  8575 | D:8      | Shot with an arrow by a centaur

Skill      XL: |  1  2  3  4  5  6  7  8 |
---------------+-------------------------+-----
Slings         | 1 2 |  2.8
Summonings     | 5 6 7 8 |  8.4
Spellcasting   | 4 5 6 7 9 |  9.7
Ice Magic      | 1 2 |  2.6
Stealth        | 3 |  3.4
Dodging        | 3 |  3.2
Air Magic      | |  0.4

Action                   |  1- 3 |  4- 6 |  7- 9 || total
-------------------------+-------+-------+-------++-------
 Fire: Hunting sling     |    38 |    92 |    34 ||   164
 Cast: Summon Small Mamm |    29 |       |       ||    29
       Call Imp          |     9 |    14 |    58 ||    81
       Summon Ice Beast  |       |     9 |    31 ||    40
       Call Canine Famil |       |    10 |    15 ||    25
       Summon Lightning  |       |       |     3 ||     3
Invok: Curse Item        |       |       |     1 ||     1
  Use: Scroll            |     7 |     7 |     8 ||    22
  Eat: Chunk             |     2 |     7 |     9 ||    18
       Fruit             |       |     1 |       ||     1
       Bread ration      |       |     1 |     1 ||     2
Armor: Robe              |     5 |     3 |    19 ||    27
Dodge: Dodged            |    17 |    38 |    42 ||    97
